 Dungeon Crawl Stone Soup version 0.31-a0-692-gf03d1854d5 (webtiles) character file.

Game seed: 6974318533693903069

2195 qw the Skirmisher (level 9, -3/56 HPs)
             Began as a Gargoyle Hunter on Sept 6, 2023.
             Was a Follower of Okawaru.
             Killed by divine providence
             ... invoked by an orc priest
              (13 damage)
             ... on level 7 of the Dungeon.
             The game lasted 00:02:25 (6090 turns).

qw the Skirmisher (Gargoyle Hunter)                 Turns: 6090, Time: 00:02:26

Health: -3/56      AC: 16    Str: 16    XL:     9   Next: 34%
Magic:  12/12      EV: 11    Int:  9    God:    Okawaru [*.....]
Gold:   206        SH:  5    Dex: 17    Spells: 8/8 levels left

rFire   . . .        q - +0 orcbow
rCold   . . .        (shield currently unavailable)
rNeg    + . .        k - +0 ring mail
rPois   inf          e - +0 helmet
rElec   +            l - +0 cloak
rCorr   .            d - +0 pair of gloves
SInv    .            i - +0 pair of boots
Will    .....        f - amulet of reflection
Stlth   +            (no ring)
HPRegen 0.29/turn    (no ring)
MPRegen 0.13/turn

%: reflection
@: about to teleport
A: sickness immunity, AC +6, negative energy resistance 1, electricity
resistance, torment resistance 1, petrification resistance
a: Renounce Religion, Heroism


You were on level 7 of the Dungeon.
You worshipped Okawaru.
Okawaru was aware of your devotion.
You visited 2 branches of the dungeon, and saw 8 of its levels.

You collected 336 gold pieces.
You spent 130 gold pieces at shops.


Innate Abilities, Weirdness & Mutations

You are immune to sickness and miasma.
Your stone body is resilient. (AC +6)
You are immune to poison.
You resist negative energy. (rN+)
You are resistant to electric shocks. (rElec)
You are resistant to unholy torment.
You are immune to petrification.


   Skills:
 + Level 6.7 Fighting
 - Level 10.0 Ranged Weapons
 - Level 3.1 Armour
 - Level 2.1 Dodging
 - Level 1.1 Stealth
 - Level 4.2 Invocations


You had 8 spell levels left.
You didn't know any spells.
Your spell library was empty.

Inventory:

Hand Weapons
 q - a +0 orcbow (weapon)
Armour
 d - a +0 pair of gloves (worn)
 e - a +0 helmet (worn)
 i - a +0 pair of boots (worn)
 k - a +0 ring mail (worn)
 l - a +0 cloak (worn)
Jewellery
 f - an amulet of reflection (around neck)
Scrolls
 m - a scroll of teleportation
 o - a scroll of identify
Potions
 a - a potion of haste {unknown}
 b - a potion of degeneration {unknown}
 c - a potion of heal wounds {unknown}
 g - 2 potions of curing
 h - a potion of resistance {unknown}
 j - a potion of berserk rage {unknown}
 n - a potion of mutation {unknown}
 p - a potion of brilliance {unknown}

Dungeon Overview and Level Annotations

Branches:
Dungeon (7/15)             Temple (1/1) D:4

Altars:
Ashenzari
Dithmenos
Elyvilon
Gozag
Hepliaklqana
Kikubaaqudgha
Makhleb
Nemelex Xobeh
Okawaru
Qazlal
Ru
Sif Muna
Uskayaw
Vehumet
Wu Jian
Xom
Zin
The Shining One

Shops:
D:6 [

Annotations:
D:1 exclusion: 2 kobolds
D:7 Joseph


Message History

Enter note:
6086 ||| RETREATING.
Enter note:
Enter note:
Enter note:
Enter note:
Enter note:
Enter note:
Enter note:
6087 |||
Found retreat position at 1,2 (wight; floor) with 0 blocking monsters and 3 monsters attacking at destination at distance 2 An orc priest comes into view.
It is wielding a +0 flail.
Found 14 gold pieces.
The orc priest shouts!
An orc comes into view. It is wielding a +0 dagger.
Joseph shoots a sling bullet.
The sling bullet hits you! The sling bullet freezes you.
The hound bites you but does no damage.
Enter note:
Enter note:
6088 |||
Found retreat position at 2,1 (floor) with 0 blocking monsters and 4 monsters attacking at destination at distance 2
Enter note:
Enter note:
6088 ||| Stepping ~*~*~tactically~*~*~ (retreating).
The wight hits you with a +0 short sword.
6089 |||
Found retreat position at 1,1 (wight; floor) with 0 blocking monsters and 3 monsters attacking at destination at distance 1
6089 ||| Stepping ~*~*~tactically~*~*~ (outnumbered).
Found a chain mail.
The orc priest calls down the wrath of Beogh upon you.
Beogh smites you!
Enter note:
Enter note:
6090 |||
Found retreat position at 6,0 (floor) with 0 blocking monsters and 4 monsters attacking at destination at distance 6
Enter note:
Enter note:
6090 ||| READING 2 scrolls of teleportation.
As you read the scroll of teleportation, it crumbles to dust.
You feel strangely unstable. The wight hits you but does no damage.
The orc priest mumbles some strange prayers to Beogh against you.
Beogh smites you!
You die...

....#...#..
....###+#+###...##.$..##
..#.....#.....#.........
..#...._#.....#.........
..#...#####o..#o........
..#..... .....#.........
..#..... .[..o#......... .....
....# +#+###...o<.....# .......
.#..# ..#...#..#@......#
....... ##..#
......#..oz#.##### .......
#..####...####.#.# #
####....... ....#.......#..#@#
..$....Y.. ##..#....?..#..z.#
#.z.......
##..............######.@.......
##............>#......z.......
###......(....#........##....
##.............##..### ..


You could see Joseph, 2 wights, 2 orc priests and 3 orcs.

Vanquished Creatures
  Pikel (D:4)
  A troll (D:6)
  2 black bears (D:5)
  A centaur (D:6)
  A lemure (D:4)
  2 phantoms
  3 scorpions
  5 wights (D:6)
  3 hounds
  4 jellies
  A gnoll bouda (D:5)
  An orc priest (D:5)
  4 iguanas
  An orc wizard (D:5)
  5 gnolls
  8 adders
  A shadow imp (D:6)
  2 white imps
  An ufetubus (D:5)
  6 worms
  A dart slug (D:2)
  14 orcs
  7 endoplasms
  3 giant cockroaches
  10 goblins
  10 hobgoblins
  3 jackals (D:5)
  14 kobolds
  7 quokkas
  5 ball pythons
  9 bats
  6 frilled lizards
  4 rats
146 creatures vanquished.

Notes
Turn   | Place    | Note
-------+----------+-------------------------------------------
     0 | D:1      | qw the Gargoyle Hunter began the quest for the Orb.
     0 | D:1      | Reached XP level 1. HP: 12/12 MP: 1/1
     0 | D:1      | 0 ||| qw: Version: 0.3-a-76-g4403597
     0 | D:1      | 0 ||| qw: Game counter: 70
     0 | D:1      | 0 ||| qw: Melee chars always use a shield: true
     0 | D:1      | 0 ||| qw: God list: Okawaru
     0 | D:1      | 0 ||| qw: Allow faded altars: false
     0 | D:1      | 0 ||| qw: Do Orc after clearing Dungeon:15 true
     0 | D:1      | 0 ||| qw: Do second Lair branch before Depths: true
     0 | D:1      | 0 ||| qw: Lair rune preference: random
     0 | D:1      | 0 ||| qw: Goals: Normal
     0 | D:1      | 0 ||| PLANNING D:1-11
   108 | D:1      | Reached XP level 2. HP: 17/17 MP: 2/2
   660 | D:1      | Found a faded altar of an unknown god.
   662 | D:1      | 662 ||| UPGRADING to +0 helmet.
   911 | D:1      | Reached XP level 3. HP: 21/21 MP: 3/3
  1052 | D:1      | 1052 ||| READING scroll labelled ESTROI GIUT DEA.
  1053 | D:1      | 1053 ||| READING scroll labelled DIABORH VISURAIZXA.
  1054 | D:1      | 1054 ||| READING scroll labelled NEGIUMIMASU.
  1055 | D:1      | 1055 ||| DROPPING scroll of butterflies.
  1095 | D:2      | Reached skill level 5 in Ranged Weapons
  1230 | D:2      | Found a radiant altar of Vehumet.
  1342 | D:2      | Reached skill level 3 in Fighting
  1349 | D:2      | Reached XP level 4. HP: 28/28 MP: 4/4
  1912 | D:2      | 1912 ||| UPGRADING to +0 pair of gloves.
  2164 | D:3      | Reached skill level 1 in Armour
  2261 | D:3      | 2261 ||| READING scroll of enchant weapon.
  2261 | D:3      | 2261 ||| ENCHANTING +1 shortbow.
  2389 | D:3      | Found an ancient bone altar of Kikubaaqudgha.
  2425 | D:3      | 2425 ||| Stepping ~*~*~tactically~*~*~ (outnumbered).
  2434 | D:3      | Reached XP level 5. HP: 28/32 MP: 5/5
  2807 | D:3      | 2807 ||| UPGRADING to +0 ring mail.
  2817 | D:3      | 2817 ||| DROPPING +0 leather armour.
  2818 | D:3      | 2818 ||| UPGRADING to amulet of reflection.
  2823 | D:3      | 2823 ||| READING scroll labelled XAZ SETWUBRO.
  2847 | D:3      | 2847 ||| READING 2 scrolls labelled HOUNOO KOSIOPS.
  2877 | D:4      | Reached skill level 6 in Ranged Weapons
  2888 | D:4      | Noticed a lemure
  2891 | D:4      | Noticed Pikel
  2892 | D:4      | 2892 ||| RETREATING.
  2897 | D:4      | Noticed a lemure
  2898 | D:4      | 2898 ||| RETREATING.
  2905 | D:4      | Noticed a lemure
  2905 | D:4      | Noticed a lemure
  2909 | D:4      | Killed a lemure
  2910 | D:4      | 2910 ||| Stepping ~*~*~tactically~*~*~ (retreating).
  2913 | D:4      | HP: 4/32 [Pikel/+1 whip of electrocution (5)]
  2914 | D:4      | 2914 ||| READING scroll of teleportation.
  3185 | D:4      | Found a shimmering altar of Xom.
  3204 | D:4      | Reached XP level 6. HP: 38/38 MP: 6/6
  3221 | D:4      | Found a staircase to the Ecumenical Temple.
  3222 | D:4      | 3222 ||| PLANNING TEMPLE
  3222 | D:4      | 3222 ||| DRINKING 3 metallic clear potions.
  3234 | Temple   | Entered the Ecumenical Temple
  3235 | Temple   | 3235 ||| PLANNING OKAWARU WORSHIP
  3242 | Temple   | Became a worshipper of Warmaster Okawaru
  3243 | Temple   | 3243 ||| PLANNING D:1-11
  3352 | D:4      | 3352 ||| Stepping ~*~*~tactically~*~*~ (retreating).
  3353 | D:4      | 3353 ||| Stepping ~*~*~tactically~*~*~ (retreating).
  3354 | D:4      | 3354 ||| Stepping ~*~*~tactically~*~*~ (retreating).
  3355 | D:4      | 3355 ||| Stepping ~*~*~tactically~*~*~ (retreating).
  3356 | D:4      | 3356 ||| Stepping ~*~*~tactically~*~*~ (retreating).
  3357 | D:4      | 3357 ||| Stepping ~*~*~tactically~*~*~ (retreating).
  3358 | D:4      | 3358 ||| Stepping ~*~*~tactically~*~*~ (retreating).
  3372 | D:4      | Killed Pikel
  3372 | D:4      | Reached * piety under Okawaru
  3373 | D:4      | Reached skill level 8 in Ranged Weapons
  3373 | D:4      | Reached XP level 7. HP: 22/43 MP: 7/7
  3373 | D:4      | 3373 ||| INVOKING Heroism.
  3389 | D:4      | HP: 10/43 [scorpion (5)]
  3394 | D:4      | Reached XP level 8. HP: 13/48 MP: 6/8
  3883 | D:4      | Found a hazy altar of Hepliaklqana.
  3970 | D:4      | 3970 ||| UPGRADING to +0 pair of boots.
  3975 | D:4      | 3975 ||| READING scroll labelled JIMAANOSTRAG.
  3987 | D:5      | Entered Level 5 of the Dungeon
  4003 | D:5      | Reached skill level 1 in Invocations
  4016 | D:5      | Found a shimmering blue altar of Sif Muna.
  4037 | D:5      | 4037 ||| INVOKING Heroism.
  4466 | D:5      | Found a burning altar of Makhleb.
  4466 | D:5      | Noticed an Executioner
  4568 | D:5      | 4568 ||| Stepping ~*~*~tactically~*~*~ (outnumbered).
  4569 | D:5      | 4569 ||| INVOKING Heroism.
  4571 | D:5      | 4571 ||| Stepping ~*~*~tactically~*~*~ (outnumbered).
  4574 | D:5      | 4574 ||| Stepping ~*~*~tactically~*~*~ (outnumbered).
  4711 | D:5      | 4711 ||| INVOKING Heroism.
  4719 | D:5      | Reached skill level 9 in Ranged Weapons
  4841 | D:5      | 4841 ||| READING scroll labelled YLEMET GUCWERUHU.
  4842 | D:5      | 4842 ||| DRINKING 2 fuming green potions.
  4843 | D:5      | 4843 ||| DROPPING potion of attraction.
  4890 | D:6      | 4890 ||| STAIRDANCE
  4994 | D:6      | 4994 ||| STAIRDANCE
  5005 | D:6      | 5005 ||| STAIRDANCE
  5013 | D:5      | Reached skill level 3 in Armour
  5036 | D:6      | 5036 ||| STAIRDANCE
  5076 | D:6      | 5076 ||| STAIRDANCE
  5287 | D:6      | Noticed a troll
  5288 | D:6      | Reached skill level 6 in Fighting
  5288 | D:6      | Reached skill level 3 in Invocations
  5288 | D:6      | 5288 ||| INVOKING Heroism.
  5302 | D:6      | Killed a troll
  5303 | D:6      | Reached XP level 9. HP: 42/55 MP: 9/12
  5367 | D:6      | Found Nufap's Antique Armour Shoppe.
  5375 | D:6      | 5375 ||| BUYING cloak (130 gold).
  5375 | D:6      | Bought a cloak for 130 gold pieces
  5375 | D:6      | 5375 ||| SHOPLISTING glowing ring mail (203 gold, have
                  | 159).
  5463 | D:6      | 5463 ||| SWAPPING to +0 orcbow.
  5464 | D:6      | 5464 ||| DROPPING +2 shortbow.
  5535 | D:6      | Found an opulent altar of Gozag.
  5625 | D:6      | Reached skill level 10 in Ranged Weapons
  5647 | D:6      | Reached ** piety under Okawaru
  5688 | D:6      | 5688 ||| INVOKING Heroism.
  5880 | D:6      | 5880 ||| UPGRADING to +0 cloak.
  5925 | D:7      | Found a sacrificial altar of Ru.
  5976 | D:7      | Found a glowing golden altar of the Shining One.
  5976 | D:7      | Found a white marble altar of Elyvilon.
  5976 | D:7      | Found a glowing silver altar of Zin.
  6066 | D:7      | Noticed Joseph
  6068 | D:7      | 6068 ||| RETREATING.
  6083 | D:7      | 6083 ||| RETREATING.
  6086 | D:7      | 6086 ||| RETREATING.
  6088 | D:7      | 6088 ||| Stepping ~*~*~tactically~*~*~ (retreating).
  6089 | D:7      | 6089 ||| Stepping ~*~*~tactically~*~*~ (outnumbered).
  6089 | D:7      | HP: 9/56 [orc priest/divine providence (17)]
  6090 | D:7      | 6090 ||| READING 2 scrolls of teleportation.
  6090 | D:7      | Killed from afar by an orc priest

Levels and vault maps discovered:
D:1:      wander_arrival_chamber, layout_basic,
          chequers_ecumenical_altar_island, minmay_tromino_v4_b
D:2:      layout_basic, basic_altar
D:3:      layout_basic, lemuel_tele_altar, minmay_mini_jars
D:4:      layout_basic, dk_xom_monty_hall, nicolae_hepliaklqana_hippocampus,
          minmay_temple_entry_drinking_statues, uniq_pikel
D:5:      cheibrodos_helix_gallery, layout_gridville, makhleb_altar_promises_db,
          nicolae_sif_muna_little_library, roderic_serpentine_path, nrook_uturn
D:6:      layout_rooms, mainiacjoe_overflow_concentric_impassable, serial_shops,
          shop, minmay_misc_feat_doors
D:7:      layout_cave_pools, good_gods_mini_temple,
          lemuel_coloured_pillars_altar, hangedman_ru_absence, uniq_joseph
Temple:   hellmonk_temple_rainy

Skill      XL: |  1  2  3  4  5  6  7  8  9 |
---------------+----------------------------+-----
Ranged Weapons | 5 6 8 9 10 | 10.0
Fighting       | 3 4 6 |  6.7
Armour         | 1 2 3 |  3.1
Invocations    | 4 |  4.2
Dodging        | 2 |  2.1
Stealth        | |  1.1

Action                     |  1- 3 |  4- 6 |  7- 9 || total
---------------------------+-------+-------+-------++-------
   Fire: Shortbow          |   111 |   180 |   228 ||   519
         Orcbow            |       |       |    59 ||    59
 Invoke: Heroism           |       |       |     6 ||     6
    Use: Scroll            |     3 |     4 |     3 ||    10
         Potion            |       |     1 |     1 ||     2
 Armour: Leather armour    |    36 |    20 |       ||    56
         Ring mail         |       |    42 |    89 ||   131
  Dodge: Dodged            |    43 |    52 |    90 ||   185
  Block: Other             |       |    12 |    29 ||    41
         Reflection        |       |       |     1 ||     1

Table legend:
 A = Non-vault XP
 B = Vault XP
 C = Vault XP percentage of total XP
 D = Non-vault monster count
 E = Vault monster count
 F = Vault count percentage of total count
                 A         B        C        D         E       F
            +---------+---------+-------+---------+---------+-------
      Total |    2320 |     817 |  26.0 |     127 |      18 |  12.4
            +---------+---------+-------+---------+---------+-------
        D:1 |      31 |       4 |  11.4 |      19 |       2 |   9.5
        D:2 |      65 |       0 |   0.0 |      25 |       0 |   0.0
        D:3 |      38 |      30 |  44.1 |      15 |      10 |  40.0
        D:4 |     382 |     765 |  66.7 |      20 |       4 |  16.7
        D:5 |     732 |      18 |   2.4 |      31 |       2 |   6.1
        D:6 |    1061 |       0 |   0.0 |      16 |       0 |   0.0
        D:7 |      11 |       0 |   0.0 |       1 |       0 |   0.0
            +---------+---------+-------+---------+---------+-------
